 Dungeon Crawl Stone Soup version 0.21.0 (webtiles) character file.

2831 rlain the Carver (level 9, -1/72 HPs)
             Began as a Demonspawn Gladiator on Jan 7, 2018.
             Was a Follower of Wu Jian.
             Slain by a gnoll
             ... wielding a +0 spear
              (9 damage)
             ... on level 7 of the Dungeon.
             The game lasted 00:34:47 (7523 turns).

rlain the Carver (Demonspawn Gladiator)             Turns: 7523, Time: 00:34:47

Health: -1/72      AC:  6    Str: 16    XL:     9   Next: 45%
Magic:  9/9        EV: 13    Int: 11    God:    Wu Jian [*.....]
Gold:   323        SH:  0    Dex: 15    Spells: 8/8 levels left

rFire    . . .     SeeInvis .   a - +1 long sword
rCold    + . .     Gourm    .   (no shield)
rNeg     . . .     Faith    .   D - +1 leather armour {rC+}
rPois    .         Spirit   .   l - +1 helmet
rElec    .         Reflect  .   (no cloak)
rCorr    +         Harm     .   (no gloves)
MR       .....                  (no boots)
Stlth    ++........             (no amulet)
HPRegen  0.22/turn              A - ring of resist corrosion
MPRegen  0.11/turn              (no ring)

@: no status effects
A: talons 2, rot immunity, sturdy frame 2
a: Renounce Religion


You were on level 7 of the Dungeon.
You worshipped Wu Jian.
Wu Jian was aware of your devotion.
You were not hungry.

You visited 2 branches of the dungeon, and saw 8 of its levels.
You also visited: Ossuary.

You collected 347 gold pieces.
You spent 24 gold pieces at shops.

Inventory:

Hand Weapons
 a - a +1 long sword (weapon)
 h - a +0 arbalest
 C - a +0 dagger of venom
Missiles
 d - 2 throwing nets (quivered)
 j - 13 poisoned needles
 y - a tomahawk of dispersal
Armour
 b - a +0 leather armour
 c - a +0 helmet
 l - a +1 helmet (worn)
 D - a +1 leather armour of cold resistance (worn)
Jewellery
 A - a ring of resist corrosion (left hand)
Wands
 B - a wand of flame (31)
 F - a wand of random effects (26)
Scrolls
 o - 2 scrolls of teleportation {unknown}
 p - a scroll of remove curse {unknown}
 q - 3 scrolls of random uselessness {unknown}
 r - 3 scrolls of fear {unknown}
 s - 2 scrolls of enchant armour {unknown}
 t - 3 scrolls of blinking {unknown}
 u - a scroll of noise {unknown}
 w - a scroll of fog {unknown}
 E - 2 scrolls of amnesia
Potions
 g - a potion of heal wounds {unknown}
 i - 2 potions of curing
 k - a potion of lignification {unknown}
 m - 3 potions of degeneration
 n - a potion of invisibility {unknown}
 v - 2 potions of might
 x - a potion of haste
 z - 2 potions of mutation
Comestibles
 f - 7 rations


   Skills:
 * Level 7.3 Fighting
 + Level 8.5 Long Blades
 + Level 2.8 Throwing
 * Level 5.0 Armour
 - Level 2.6 Dodging
 - Level 2.1 Stealth
 * Level 0.6 Evocations


You had 8 spell levels left.
You didn't know any spells.

Dungeon Overview and Level Annotations

Branches:
Dungeon (7/15)             Temple (1/1) D:5

Altars:
Ashenzari
Dithmenos
Elyvilon
Fedhas
Gozag
Hepliaklqana
Kikubaaqudgha
Makhleb
Nemelex Xobeh
Okawaru
Qazlal
Sif Muna
Trog
Vehumet
Wu Jian
Yredelemnul
Zin

Shops:
D:4 %   D:6 *


Innate Abilities, Weirdness & Mutations

You have razor-sharp toenails.
You are immune to rotting.
Your movements are less encumbered by armour. (ER -4)


Message History

* * * LOW HITPOINT WARNING * * *
You hit the bullfrog. You claw the bullfrog.
The bullfrog is heavily wounded.
The bullfrog misses you.
You riposte.
You closely miss the bullfrog.
The bullfrog is heavily wounded.
The bullfrog closely misses you.
You hit the bullfrog.
The bullfrog is severely wounded.
The bullfrog hits you.
* * * LOW HITPOINT WARNING * * *
You barely miss the bullfrog.
The bullfrog is severely wounded.
The bullfrog hits you but does no damage.
The bullfrog hits you.
* * * LOW HITPOINT WARNING * * *
You closely miss the bullfrog. You claw the bullfrog.
You kill the bullfrog!
The Council accepts your kill.
The gnoll hits you from afar with a spear!
You die...

#.# #.# #.#
#.# #.####
#....#
####.#
#.####
#.@.g#
####g#
.....######
#[#
..........#
#.#
..........##
#g#
...........#
#.#
...........#
#g#
...........#
#.#
.......)...#
#.#


You could see 2 gnolls.

Vanquished Creatures
  The ghost of Yoster the Thaumaturge, a novice DEWz of Sif Muna (D:7)
  Edmund (D:4)
  Duvessa (D:6)
  An orc warrior (D:6)
  A sky beast (D:5)
  2 ice beasts (D:5)
  3 centaurs
  An elf zombie (Ossuary)
  A big kobold (D:6)
  5 bullfrogs
  A gnoll sergeant (D:7)
  Dowan (D:6)
  A scorpion (D:5)
  4 wights (D:7)
  A crimson imp (D:5)
  A bullfrog zombie (D:7)
  2 jellies
  4 hounds
  3 orc wizards
  2 centaur skeletons (D:7)
  3 iguanas (D:6)
  6 worker ants
  A big kobold zombie (Ossuary)
  2 mummies (Ossuary)
  A gnoll (D:7)
  9 adders
  A howler monkey skeleton (D:5)
  A shadow imp (D:6)
  An ooze (D:1)
  3 adder zombies (Ossuary)
  An adder skeleton (D:5)
  2 dart slugs (D:1)
  4 worms
  5 leopard geckos
  13 orcs
  A ball python (D:1)
  8 bats
  A giant cockroach (D:2)
  8 goblins
  9 hobgoblins
  6 jackals
  13 kobolds
  3 quokkas
  5 frilled lizards
  11 hobgoblin zombies (Ossuary)
  9 kobold zombies (Ossuary)
  A leopard gecko skeleton (D:5)
  8 orc zombies (Ossuary)
  A quokka skeleton (D:6)
  3 rats
  4 rat zombies (Ossuary)
  A spectral orc (D:2)
182 creatures vanquished.

Notes
Turn   | Place    | Note
-------+----------+-------------------------------------------
     0 | D:1      | rlain the Demonspawn Gladiator began the quest for the Orb.
     0 | D:1      | Reached XP level 1. HP: 16/16 MP: 1/1
   371 | D:1      | Gained mutation: Your movements are slightly less encumbered by armour. (ER -2) [demonic ancestry]
   371 | D:1      | Reached XP level 2. HP: 22/22 MP: 2/2
   392 | D:1      | Reached skill level 3 in Long Blades
   587 | D:1      | Gained mutation: Your movements are less encumbered by armour. (ER -4) [demonic ancestry]
   587 | D:1      | Reached XP level 3. HP: 22/27 MP: 3/3
   756 | D:2      | Reached skill level 1 in Armour
  1340 | D:2      | Found an iron altar of Okawaru.
  1430 | D:2      | Found a shadowy altar of Dithmenos.
  1663 | D:2      | Found a basalt altar of Yredelemnul.
  1848 | D:3      | Gained mutation: You have sharp toenails. [demonic ancestry]
  1848 | D:3      | Reached XP level 4. HP: 34/34 MP: 4/4
  1952 | D:3      | Reached skill level 4 in Long Blades
  2593 | D:4      | Reached XP level 5. HP: 33/39 MP: 5/5
  2990 | D:4      | Found an opulent altar of Gozag.
  3038 | D:4      | Found Qipat's Food Emporium.
  3172 | D:4      | Noticed Edmund
  3202 | D:4      | Killed Edmund
  3202 | D:4      | Gained mutation: You have razor-sharp toenails. [demonic ancestry]
  3202 | D:4      | Reached XP level 6. HP: 9/47 MP: 6/6
  3600 | D:5      | Entered Level 5 of the Dungeon
  3600 | D:5      | Found a sand-covered staircase.
  3609 | Ossuary  | Entered an ossuary
  3853 | Ossuary  | Reached skill level 5 in Long Blades
  3853 | Ossuary  | Reached skill level 1 in Stealth
  4192 | D:5      | Gained mutation: You are immune to rotting. [demonic ancestry]
  4192 | D:5      | Reached XP level 7. HP: 52/52 MP: 7/7
  4686 | D:5      | Reached skill level 6 in Long Blades
  4823 | D:5      | Found a burning altar of Makhleb.
  4873 | D:5      | Reached XP level 8. HP: 58/61 MP: 8/8
  4888 | D:5      | Found a staircase to the Ecumenical Temple.
  4906 | Temple   | Entered the Ecumenical Temple
  4953 | Temple   | Became a worshipper of the Wu Jian Council
  5419 | D:5      | Found a blossoming altar of Fedhas.
  5421 | D:5      | Found an ancient bone altar of Kikubaaqudgha.
  5458 | D:6      | Reached skill level 5 in Fighting
  5722 | D:6      | Reached * piety under Wu Jian
  5978 | D:6      | Reached skill level 7 in Long Blades
  6201 | D:6      | Noticed Dowan
  6202 | D:6      | Noticed Duvessa
  6215 | D:6      | Killed Duvessa
  6219 | D:6      | Killed Dowan
  6608 | D:6      | Found a bloodstained altar of Trog.
  6628 | D:6      | Found Minyhuc's General Store.
  6635 | D:6      | Bought a scroll of identify for 24 gold pieces
  6779 | D:7      | Reached XP level 9. HP: 68/71 MP: 9/9
  6784 | D:7      | Noticed Yoster's ghost (novice DEWz)
  6810 | D:7      | HP: 3/106 [Yoster's ghost (3)]
  6811 | D:7      | Killed Yoster's ghost
  6811 | D:7      | Reached skill level 8 in Long Blades
  7476 | D:7      | Reached skill level 5 in Armour
  7523 | D:7      | Slain by a gnoll

Skill      XL: |  1  2  3  4  5  6  7  8  9 |
---------------+----------------------------+-----
Long Blades    | 3 4 5 6 7 8 |  8.5
Armour         | 1 2 3 4 5 |  5.0
Throwing       | 2 |  2.8
Fighting       | 3 4 6 7 |  7.3
Stealth        | 1 2 |  2.1
Dodging        | |  2.6
Evocations     | |  0.6

Action                   |  1- 3 |  4- 6 |  7- 9 || total
-------------------------+-------+-------+-------++-------
Melee: Long sword        |   124 |   182 |   276 ||   582
       Kick              |       |    54 |    94 ||   148
Throw: Throwing net      |       |     3 |       ||     3
Invok: Lunge             |       |       |    19 ||    19
       Whirlwind         |       |       |     3 ||     3
  Use: Scroll            |     3 |     3 |     2 ||     8
       Potion            |       |       |     6 ||     6
 Stab: Sleeping          |       |     1 |     4 ||     5
       Held in net/web   |       |     1 |       ||     1
  Eat: Chunk             |     3 |     2 |       ||     5
       Ration            |       |     2 |     3 ||     5
Armor: Leather armour    |    34 |    43 |    72 ||   149
Dodge: Dodged            |    99 |   107 |   181 ||   387
       Rpst.: Long sword |    27 |    38 |    57 ||   122
